 Dungeon Crawl Stone Soup version 0.21-a0-440-g28109cb (webtiles) character file.

1351 Megalobster the Ruffian (level 8, -2/79 HPs)
             Began as a Troll Monk on Nov 10, 2017.
             Was a Believer of Nemelex Xobeh.
             Slain by Mitsuki's ghost (12 damage)
             ... on level 6 of the Dungeon.
             The game lasted 00:17:14 (3979 turns).

Megalobster the Ruffian (Troll Monk)                Turns: 3979, Time: 00:17:15

Health: -2/79      AC:  8    Str: 22    XL:     8   Next: 36%
Magic:  8/8        EV: 11    Int:  6    God:    Nemelex Xobeh [**....]
Gold:   254        SH:  3    Dex: 12    Spells: 7/7 levels left

rFire    . . .     SeeInvis .     - Unarmed
rCold    + . .     Gourm    +   (no shield)
rNeg     . . .     Faith    .   D - +1 robe {rC+}
rPois    .         Spirit   .   (helmet restricted)
rElec    .         Reflect  +   C - +1 cloak {MR+}
rCorr    .         Harm     .   (gloves unavailable)
MR       +....                  (boots unavailable)
Stlth    ++........             G - +3 amulet of reflection
HPRegen  0.63/turn              (no ring)
MPRegen  0.11/turn              (no ring)

@: no status effects
A: unfitting armour, claws 3, fast metabolism 3, gourmand, regeneration 1,
shaggy fur 1, tough skin 2
a: Renounce Religion


You were on level 6 of the Dungeon.
You worshipped Nemelex Xobeh.
Nemelex Xobeh was pleased with you.
You were completely stuffed.

You visited 1 branch of the dungeon, and saw 6 of its levels.

You collected 254 gold pieces.

Inventory:

Hand Weapons
 v - a +2 flail of draining
 y - a +2 hand axe of chopping
Missiles
 a - 4 tomahawks
 e - 89 stones (quivered)
 f - 3 javelins
 x - 32 sling bullets
 E - 2 needles of frenzy
 F - 2 throwing nets
Armour
 C - a +1 cloak of magic resistance (worn)
 D - a +1 robe of cold resistance (worn)
Jewellery
 G - a +3 amulet of reflection (around neck)
Wands
 j - a wand of paralysis (10/24)
 m - a wand of polymorph (5/24)
Scrolls
 h - a scroll of magic mapping {unknown}
 l - 2 scrolls of enchant weapon {unknown}
 p - a scroll of noise {unknown}
 q - 2 scrolls of fear
 s - 2 scrolls of remove curse
 u - a scroll of immolation {unknown}
Potions
 c - a potion of lignification {unknown}
 d - 3 potions of heal wounds
 k - 3 potions of flight
 n - 2 potions of might
 o - 2 potions of brilliance
 r - a potion of curing {unknown}
 t - a potion of ambrosia {unknown}
 z - a potion of haste {unknown}
 J - a potion of mutation {unknown}
Miscellaneous
 i - a plain deck of destruction {drawn: 2}
 A - a plain deck of destruction
 B - a plain deck of escape {drawn: 1}
 H - an ornate deck of summoning
Comestibles
 b - 5 bread rations
 g - 4 royal jellies
 w - 4 meat rations
 I - a chunk of flesh


   Skills:
 + Level 4.5 Fighting
 + Level 4.5 Dodging
 - Level 1.0 Stealth
 * Level 7.2 Unarmed Combat
 * Level 2.5 Invocations
 * Level 2.1 Evocations


You had 7 spell levels left.
You didn't know any spells.

Dungeon Overview and Level Annotations

Branches:
Dungeon (6/15)
 Temple: D:4-7

Altars:
Gozag
Makhleb
Nemelex Xobeh
Okawaru
Sif Muna
Trog
Zin

Annotations:
D:3 Mitsuki's ghost, amateur DEFE
D:6 Mitsuki's ghost, novice HOFi


Innate Abilities, Weirdness & Mutations

You are too large for most types of armour.
You have claws for hands.
Your metabolism is lightning-fast.
You like to eat raw meat.
Your natural rate of healing is unusually fast.
You are covered in fur. (AC +1)
You have very tough skin. (AC +2)


Message History

Mitsuki's ghost is heavily damaged.
Mitsuki's ghost hits you.
Evoke which item? (* to show all) (? for menu, Esc to quit)
You draw a card...
It is Wild Magic.
Mitsuki's ghost is caught in an explosion of flying shrapnel!
The explosion engulfs Mitsuki's ghost.
The explosion engulfs you!
* * * LOW HITPOINT WARNING * * *
You feel a surge of magic.
Mitsuki's ghost hits you but does no damage.
Evoke which item? (* to show all) (? for menu, Esc to quit)
You draw a card...
It is the Tomb.
Walls emerge from the floor!
Mitsuki's ghost hits you.
* * * LOW HITPOINT WARNING * * *
Mitsuki's ghost freezes you.
* * * LOW HITPOINT WARNING * * *
You scratch Mitsuki's ghost.
Mitsuki's ghost is heavily damaged.
Mitsuki's ghost hits you!
You die...
Your body glows slightly and disappears.

.. . .. .. .# ## ..# .# +.
(..# .#
#.################....# .#
#...##.....#........>.#
######...##....##..........#
.........##....###..####....
...............#@W..# .
...............###..#
...............#....#
#'###....##....'....+
#.###....###+###....#
#..'.....# ..#### #..#.....#
..# #..#.....# ...#
#..#.....# ...#


You could see Mitsuki's ghost.

Vanquished Creatures
  Edmund (D:4)
  2 ice beasts
  A sky beast (D:5)
  A phantom (D:5)
  2 ogres (D:5)
  A hound (D:6)
  4 orc priests (D:4)
  2 orc wizards (D:4)
  Crazy Yiuf (D:4)
  A bullfrog skeleton (D:4)
  2 centaur skeletons (D:5)
  An iguana (D:6)
  4 worker ants
  7 gnolls
  10 adders
  An ooze (D:3)
  6 worms
  A dart slug (D:2)
  2 leopard geckos
  12 orcs
  8 bats
  6 giant cockroaches
  4 hobgoblins
  6 jackals
  A quokka (D:2)
  2 frilled lizards
  14 goblins
  5 kobolds
  8 rats
116 creatures vanquished.

Notes
Turn   | Place    | Note
-------+----------+-------------------------------------------
     0 | D:1      | Megalobster the Troll Monk began the quest for the Orb.
     0 | D:1      | Reached XP level 1. HP: 22/22 MP: 0/0
    67 | D:1      | Reached XP level 2. HP: 29/29 MP: 1/1
   566 | D:2      | Reached XP level 3. HP: 27/36 MP: 2/2
   764 | D:2      | Found a deep blue altar of Sif Muna.
  1016 | D:2      | Reached skill level 4 in Unarmed Combat
  1016 | D:2      | Reached XP level 4. HP: 36/44 MP: 3/3
  1219 | D:3      | Noticed Mitsuki's ghost (amateur DEFE)
  1331 | D:3      | Noticed a moth of wrath
  1337 | D:3      | Found a bloodstained altar of Trog.
  1516 | D:3      | Reached XP level 5. HP: 35/53 MP: 4/4
  1575 | D:3      | Found a burning altar of Makhleb.
  1587 | D:3      | Noticed an ice beast
  1595 | D:3      | Killed an ice beast
  1595 | D:3      | Reached skill level 5 in Unarmed Combat
  1642 | D:3      | Reached XP level 6. HP: 61/61 MP: 5/5
  2302 | D:4      | Noticed Edmund
  2317 | D:4      | Killed Edmund
  2317 | D:4      | Reached skill level 6 in Unarmed Combat
  2317 | D:4      | Reached XP level 7. HP: 61/68 MP: 6/6
  2726 | D:4      | Found a runed door.
  2867 | D:4      | Found an opulent altar of Gozag.
  2869 | D:4      | Found a sparkling altar of Nemelex Xobeh.
  2895 | D:4      | Became a worshipper of Nemelex Xobeh the Trickster
  2895 | D:4      | Received a gift from Nemelex Xobeh
  2895 | D:4      | Reached * piety under Nemelex Xobeh
  2895 | D:4      | Received a gift from Nemelex Xobeh
  2895 | D:4      | Reached ** piety under Nemelex Xobeh
  3088 | D:4      | Noticed Crazy Yiuf
  3095 | D:4      | Killed Crazy Yiuf
  3138 | D:5      | Entered Level 5 of the Dungeon
  3245 | D:5      | Reached skill level 1 in Invocations
  3298 | D:5      | Reached skill level 1 in Evocations
  3319 | D:5      | Received a gift from Nemelex Xobeh
  3399 | D:5      | Reached XP level 8. HP: 48/79 MP: 8/8
  3435 | D:5      | Reached skill level 7 in Unarmed Combat
  3454 | D:5      | Found a glowing silver altar of Zin.
  3504 | D:5      | Found an iron altar of Okawaru.
  3865 | D:6      | Received a gift from Nemelex Xobeh
  3949 | D:6      | Noticed Mitsuki's ghost (novice HOFi)
  3979 | D:6      | Slain by Mitsuki's ghost

Vault maps used:
D:1:      eino_arrival_cavern_a
D:2:      led_sif_pool, serial_glass, glass_columns_a, glass_columns_a
D:3:      nicolae_overflow_crystal_walls, tgw_trog, minmay_bisected
D:4:      grunt_temple_overflow_opulence, first_bread, uniq_edmund,
          uniq_crazy_yiuf_cottage
D:5:      black_bear_nest_1, lemuel_crystal_altar, zin_academy,
          minmay_ogre_servants
D:6:      lemuel_doored_altar, minmay_temple_entry_fiery

Skill      XL: |  1  2  3  4  5  6  7  8 |
---------------+-------------------------+-----
Unarmed Combat | 4 5 6 7 |  7.2
Fighting       | 3 4 |  4.5
Dodging        | 3 4 |  4.5
Invocations    | 1 2 |  2.5
Evocations     | 1 2 |  2.1
Stealth        | |  1.0

Action                   |  1- 3 |  4- 6 |  7- 9 || total
-------------------------+-------+-------+-------++-------
Melee: Unarmed           |    97 |   110 |   135 ||   342
       Punch             |       |     3 |     7 ||    10
Throw: Stone             |       |     5 |     9 ||    14
Evoke: Deck              |       |       |     3 ||     3
  Use: Scroll            |       |       |     6 ||     6
 Stab: Sleeping          |     1 |     1 |     1 ||     3
  Eat: Chunk             |    14 |    13 |    15 ||    42
Armor: Robe              |    51 |    31 |    22 ||   104
Dodge: Dodged            |    74 |    42 |    49 ||   165
Block: Other             |       |       |     1 ||     1

Table legend:
 A = Spawn XP
 B = Non-spawn XP
 C = Spawn XP percentage of total XP
 D = Spawn monster count
 E = Non-spawn monster count
 F = Spawn count percentage of total count
 G = Total turns spent on level
                    A         B        C        D         E        F      G
               +---------+---------+-------+---------+---------+-------+---------
         Total |       0 |    1931 |   0.0 |       0 |     116 |   0.0 |  3979
               +---------+---------+-------+---------+---------+-------+---------
           D:1 |       0 |      28 |   0.0 |       0 |      16 |   0.0 |   572
           D:2 |       0 |     112 |   0.0 |       0 |      22 |   0.0 |   595
           D:3 |       0 |     287 |   0.0 |       0 |      28 |   0.0 |   929
           D:4 |       0 |     631 |   0.0 |       0 |      25 |   0.0 |  1120
           D:5 |       0 |     758 |   0.0 |       0 |      21 |   0.0 |   636
           D:6 |       0 |     115 |   0.0 |       0 |       4 |   0.0 |   127
               +---------+---------+-------+---------+---------+-------+---------
